 Dungeon Crawl Stone Soup version 0.28.0-43-g3370ac3207 (webtiles) character file.

Game seed: 3694059232550352229

12 diana the Vexing (level 2, 0/11 HPs)
             Began as a Felid Enchanter on Mar 27, 2022.
             Slain by a jackal (3 damage)
             ... on level 1 of the Dungeon.
             The game lasted 00:00:43 (313 turns).

diana the Vexing (Felid Enchanter)                   Turns: 313, Time: 00:00:43

Health: 0/11       AC:  1    Str:  4    XL:     2   Next: 20%
Magic:  6/6        EV: 17    Int: 16    God:
Gold:   24         SH:  0    Dex: 16    Spells: 5/5 levels left
                                        Lives:  0   Deaths: 0

rFire   . . .      SeeInvis +     - Unarmed
rCold   . . .      Faith    .   (shield unavailable)
rNeg    . . .      Spirit   .   (armour unavailable)
rPois   .          Reflect  .   (helmet unavailable)
rElec   .          Harm     .   (cloak unavailable)
rCorr   .          Rampage  .   (gloves unavailable)
Will    .....                   (boots unavailable)
Stlth   +++.......              (no amulet)
HPRegen 0.03/turn               (no ring)
MPRegen 0.10/turn               (no ring)

@: quick
A: very small, claws 1, fangs 3, see invisible, speed 1, shaggy fur 1, stealthy
paws, no weapons or thrown items, no armour, multi-lived
a: no special abilities


You were on level 1 of the Dungeon.
You visited 1 branch of the dungeon, and saw 1 of its levels.

You collected 24 gold pieces.

Inventory:

Potions
 a - a potion of invisibility


   Skills:
 + Level 3.0 Dodging
 + Level 4.3 Stealth
 + Level 1.3 Unarmed Combat
 - Level 2.0 Spellcasting
 + Level 4.7 Hexes


You had 5 spell levels left.
You didn't know any spells.
Your spell library contained the following spells:

 Spells                   Type           Power      Damage    Failure   Level
 Confusing Touch          Hex            16%        N/A       9%          3
 Tukima's Dance           Hex            16%        N/A       9%          3
 Ensorcelled Hibernation  Hex/Ice        18%        N/A       12%         2
 Dazzling Flash           Conj/Hex       18%        N/A       24%         3


Dungeon Overview and Level Annotations

Branches:
Dungeon (1/15)

Altars:


Innate Abilities, Weirdness & Mutations

You have sharp claws.
You have razor-sharp teeth.
You have supernaturally acute eyesight. (SInv)
You cover ground quickly. (Speed+)
You are covered in fur. (AC +1)
Your paws help you pounce on unaware monsters.
You are incapable of wielding weapons or throwing items.
You cannot wear armour.
You gain extra lives every three experience levels.


Message History

You barely miss the ball python. The ball python bites you.
The ball python constricts you.
You scratch the ball python but do no damage.
The ball python bites you. The ball python constricts you.
The jackal misses you. The ball python misses you.
The ball python constricts you.
You barely miss the ball python. The jackal bites you.
The ball python bites you.
* * * LOW HITPOINT WARNING * * *
The ball python constricts you.
* * * LOW HITPOINT WARNING * * *
The jackal closely misses you.
You are too injured to fight recklessly!
You are too injured to fight recklessly!
You are too injured to fight recklessly!
You are too injured to fight recklessly!
You escape the ball python's grasp.
The jackal bites you but does no damage.
You see here 27 stones.
The jackal completely misses you. The jackal misses you.
You barely miss the jackal. The jackal closely misses you.
The jackal completely misses you.
You scratch the jackal.
The jackal is moderately wounded.
The jackal closely misses you.
You completely miss the jackal. You claw the jackal, but do no damage.
Your bite misses the jackal.
The jackal is moderately wounded.
The jackal barely misses you.
You closely miss the jackal. You bite the jackal, but do no damage.
The jackal is moderately wounded.
The jackal misses you. The jackal completely misses you.
You barely miss the jackal.
The jackal is moderately wounded.
The jackal barely misses you.
You barely miss the jackal.
The jackal is moderately wounded.
The jackal bites you.
You die...

########################
#...(...#........##.....
#.#####.#.######.##.####
#.#####.#.# #.##.....
#.##......# #.......#
#.##.##.### ####.#..#
#.......# #.#... #.##.##.#
#....> #.##.##@# #.#.#.
#.#..##h# ####...).
######.#.###S## #....>##.
#....#.#.###h##. #.###)##.
#........S...# .. #.#......
#....###h########.###.#.#.###
#.)#..##.# #............#
#.#.#.##S# #.##.##.##.### #
#.#.##h# ###.......##.#


You could see 2 jackals and a ball python.

Vanquished Creatures
  A dart slug (D:1)
  A goblin (D:1)
  4 jackals (D:1)
  A kobold (D:1)
  A bat (D:1)
  A rat (D:1)
9 creatures vanquished.

Notes
Turn   | Place    | Note
-------+----------+-------------------------------------------
     0 | D:1      | diana the Felid Enchanter began the quest for the Orb.
     0 | D:1      | Reached XP level 1. HP: 7/7 MP: 4/4
    59 | D:1      | Reached XP level 2. HP: 11/11 MP: 6/6
   313 | D:1      | Slain by a jackal

Illustrated notes

Levels and vault maps discovered:
D:1:      ebering_trefoil_3fold, layout_loops_cross,
          chequers_ecumenical_altar_simple, minmay_quantized

Skill      XL: |  1 |
---------------+----+-----
Dodging        | 3 |  3.0
Stealth        | |  4.3
Unarmed Combat | |  1.3
Spellcasting   | |  2.0
Hexes          | |  4.7

Action                   || total
-------------------------++-------
Melee: Unarmed           ||    29
       Punch             ||     1
       Bite              ||     1
 Stab: Sleeping          ||     5
Armor: Skin              ||     1
Dodge: Dodged            ||    23
